 Seeded DCSS version 0.29.1-2-gbd0b4ee654 (webtiles) character file.

Game seed: 20221101 (custom seed)

8387 Nerdsrcool the Destroyer (level 11, 0/70 HPs)
             Began as a Vine Stalker Conjurer on Nov 1, 2022.
             Was a Priest of Okawaru.
             Slain by a five-headed hydra (1 damage)
             ... on level 11 of the Dungeon.
             The game lasted 01:10:37 (10471 turns).

Nerdsrcool the Destroyer (Vine Stalker Conjurer)   Turns: 10471, Time: 01:10:37

Health: 0/70       AC: 25    Str: 12    XL:     11   Next: 30%
Magic:  0/25       EV:  2    Int: 18    God:    Okawaru [***...]
Gold:   567        SH:  6    Dex: 15    Spells: 21/29 levels left

rFire   + . .      SeeInvis .   I - +5 short sword
rCold   x . .      Faith    .   y - +3 buckler
rNeg    . . .      Spirit   +   (body armour currently unavailable)
rPois   +          Reflect  .   (helmet currently unavailable)
rElec   .          Harm     .   (cloak currently unavailable)
rCorr   .          Rampage  .   (gloves currently unavailable)
Will    ++...      NoTele   +   (boots currently unavailable)
Stlth   ++++......              o - amulet of magic regeneration
HPRegen 1.01/turn               C - ring of willpower
MPRegen 0.59/turn               G - ring of fire

@: tree-form (expiring)
A: stationary, stasis, torment immunity, boosted hp, (fangs 3), regeneration 1,
magic shield, (antimagic bite), no potion heal 2
a: Renounce Religion, Heroism


You were on level 11 of the Dungeon.
You worshipped Okawaru.
Okawaru was most pleased with you.
You were a tree.
You visited 2 branches of the dungeon, and saw 12 of its levels.

You collected 567 gold pieces.

Inventory:

Hand Weapons
 t - a +2 short sword of holy wrath
 x - a +3 short sword
 I - a +5 short sword (weapon)
 M - a +5 long sword
Missiles
 f - 10 javelins
 r - 18 poisoned darts
 u - 7 throwing nets
Armour
 a - a +0 cloak
 g - the +3 helmet of Apathy (melded) {+Blink Int+4 Dex+2}
   (You acquired it on level 5 of the Dungeon)

   Int:       It affects your intelligence (+4).
   Dex:       It affects your dexterity (+2).
   +Blink:    It lets you blink.
 m - a +2 troll leather armour (melded)
 q - a +2 robe of willpower
 s - a +2 pair of boots (melded)
 w - a +2 leather armour of poison resistance
 y - a +3 buckler (worn)
 H - the +0 ring mail of Usysig {Harm Dex+4}
   (You found it on level 5 of the Dungeon)

   Dex:       It affects your dexterity (+4).
   Harm:      It increases damage dealt and taken.
 K - a +1 pair of gloves (melded)
 N - a +1 cloak (melded)
Magical Staves
 k - a staff of conjuration
Jewellery
 d - a ring of poison resistance
 o - an amulet of magic regeneration (around neck)
 C - a ring of willpower (left branch)
 G - a ring of fire (right branch)
 L - a ring of positive energy
Wands
 D - a wand of quicksilver (9)
Scrolls
 e - a scroll of summoning
 i - 3 scrolls of teleportation
 j - 2 scrolls of amnesia
 v - a scroll of immolation {unknown}
 E - 8 scrolls of noise
Potions
 b - 3 potions of magic
 c - a potion of lignification
 h - 3 potions of brilliance
 l - a potion of mutation {unknown}
 n - a potion of ambrosia {unknown}
 p - 3 potions of heal wounds
 z - a potion of degeneration
 A - 2 potions of berserk rage {unknown}
 B - 3 potions of curing
 F - 2 potions of flight
 J - 2 potions of attraction
 P - a potion of cancellation {unknown}


   Skills:
 + Level 1.0 Short Blades
 + Level 7.9 Dodging
 + Level 9.2 Stealth
 + Level 9.6 Spellcasting
 + Level 11.7 Conjurations


You had 21 spell levels left.
You knew the following spells:

 Your Spells              Type           Power      Damage    Failure   Level
a - Magic Dart            Conj           100%       1d8       1%          1
b - Dazzling Flash        Conj/Hex       58%        N/A       3%          3
c - Fulminant Prism       Conj/Hex       14%        3d9       10%         4

Your spell library contained the following spells:

 Spells                   Type           Power      Damage    Failure   Level
 Searing Ray              Conj           100%       2d8       1%          2
 Hailstorm                Conj/Ice       29%        3d8       10%         4
 Iskenderun's Mystic Bla  Conj/Tloc      29%        2d7       10%         4
 Apportation              Tloc           16%        N/A       12%         1
 Necrotise                Necr           32%        1d5       12%         1
 Blink                    Tloc           16%        N/A       17%         2
 Lesser Beckoning         Tloc           8%         N/A       34%         3
 Ozocubu's Armour         Ice            8%         N/A       34%         3
 Cause Fear               Hex            4%         N/A       75%         4
 Ice Form                 Ice/Tmut       8%         N/A       75%         4
 Manifold Assault         Tloc           8%         N/A       97%         5
 Metabolic Englaciation   Hex/Ice        4%         N/A       97%         5
 Dragon Form              Tmut           4%         N/A       100%        7
 Ozocubu's Refrigeration  Ice            4%         4d8       100%        7
 Summon Small Mammal      Summ           Unusable   N/A       N/A         1
 Simulacrum               Ice/Necr       Unusable   N/A       N/A         6
 Malign Gateway           Summ/Tloc      Unusable   N/A       N/A         7
 Summon Horrible Things   Summ           Unusable   N/A       N/A         8
 Dragon's Call            Summ           Unusable   N/A       N/A         9

Dungeon Overview and Level Annotations

Branches:
Dungeon (11/15)            Temple (1/1) D:7            Lair (0/5) D:10
    Orc (0/2) D:10

Altars:
Ashenzari
Fedhas
Kikubaaqudgha
Makhleb
Nemelex Xobeh
Okawaru
Qazlal
Ru
Trog
The Shining One

Shops:
D:7 *[!=


Innate Abilities, Weirdness & Mutations

You are a tree.
Your roots penetrate the ground, keeping you stationary.
You cannot be teleported.
You are immune to unholy pain and torment.
Your maximum health is greatly increased.
Your equipment is partially melded.
((You have razor-sharp teeth.))
Your natural rate of healing is unusually fast.
When hurt, damage is shared between your health and your magic reserves.
((Your bite disrupts and absorbs the magic of your enemies.))
Potions cannot restore your health.


Message History

The five-headed hydra bites you!
* * * LOW HITPOINT WARNING * * *
You hit the five-headed hydra.
The five-headed hydra is severely wounded.
The five-headed hydra bites you but does no damage.
You block the five-headed hydra's attack.
The five-headed hydra bites you but does no damage. x2
The five-headed hydra barely misses you.
You hit the five-headed hydra.
The five-headed hydra is severely wounded.
You block the five-headed hydra's attack. x2
The five-headed hydra bites you but does no damage.
The five-headed hydra bites you!
* * * LOW HITPOINT WARNING * * *
The five-headed hydra bites you.
* * * LOW HITPOINT WARNING * * *
You hit the five-headed hydra.
The five-headed hydra is severely wounded.
The five-headed hydra bites you but does no damage.
You block the five-headed hydra's attack.
The five-headed hydra bites you but does no damage.
The five-headed hydra bites you.
* * * LOW HITPOINT WARNING * * *
The five-headed hydra bites you but does no damage.
You hit the five-headed hydra.
The five-headed hydra is severely wounded.
Your transformation is almost over.
The five-headed hydra bites you but does no damage.
The five-headed hydra bites you.
* * * LOW HITPOINT WARNING * * *
You block the five-headed hydra's attack.
The five-headed hydra bites you.
* * * LOW HITPOINT WARNING * * *
The five-headed hydra bites you but does no damage.
The five-headed hydra bites you.
* * * LOW HITPOINT WARNING * * *
The five-headed hydra bites you but does no damage.
You block the five-headed hydra's attack.
The five-headed hydra bites you.
You die...

........#
#......'...........##
........#
#......###########[..
##+###### #####'##
#### ##..# #..## #.##
###'###### #.......>#
#...♣....# #...D....#
##.......# +...>...#
+.......# #.......+
#...(...# #.......#


You could see a five-headed hydra.

Vanquished Creatures
  A two-headed ogre (D:10)
  The ghost of safid the Shooter, an amateur MiHu (D:5)
  A troll (D:5)
  Sigmund (D:6)
  A shadow (D:10)
  15 yaks
  2 wyverns (D:9)
  A steam dragon (D:7)
  A two-headed ogre zombie (D:10)
  4 orc warriors
  A black bear (D:5)
  An ice beast (D:4)
  2 ogres
  5 centaurs
  A phantom (D:10)
  3 necrophages
  3 bullfrogs
  3 gnoll sergeants
  4 wights (D:10)
  2 scorpions
  A water moccasin skeleton (D:5)
  6 howler monkeys
  4 electric eels (D:10)
  A centaur zombie (D:5)
  6 orc priests
  2 jellies (D:5)
  2 gnoll boudas
  2 hounds (D:6)
  Jessica (D:3)
  3 iguanas
  4 orc wizards
  3 hell rats (D:10)
  7 ogre zombies (D:10)
  22 gnolls
  2 river rats (D:10)
  6 adders
  2 white imps
  An ufetubus (D:5)
  A worm (D:4)
  A dart slug (D:5)
  21 orcs
  2 bats
  8 endoplasms
  5 giant cockroaches
  5 goblins
  7 hobgoblins
  3 quokkas
  6 ball pythons
  2 frilled lizards
  A goblin skeleton (D:10)
  A goblin zombie (D:10)
  A hobgoblin skeleton (D:10)
  6 hobgoblin zombies (D:10)
  10 kobolds
  2 orc skeletons (D:10)
  14 orc zombies (D:10)
  4 rats
228 creatures vanquished.

Vanquished Creatures (others)
  2 orcs
  5 fulminant prisms (D:10)
  22 plants (D:10)
29 creatures vanquished.

Grand Total: 257 creatures vanquished

Notes
Turn   | Place    | Note
-------+----------+-------------------------------------------
     0 | D:1      | Nerdsrcool the Vine Stalker Conjurer began the quest for
                  | the Orb.
     0 | D:1      | Reached XP level 1. HP: 9/9 MP: 4/4
   266 | D:1      | Reached XP level 2. HP: 13/13 MP: 4/6
  1287 | D:2      | Reached XP level 3. HP: 16/16 MP: 4/8
  1366 | D:2      | Noticed a golden eye
  1371 | D:2      | Found a faded altar of an unknown god.
  1373 | D:2      | Noticed a shining eye
  1373 | D:2      | Noticed a golden eye
  1373 | D:2      | Noticed a great orb of eyes
  1649 | D:3      | Noticed Jessica
  1656 | D:3      | Killed Jessica
  1657 | D:3      | Gained mutation: Your natural rate of healing is unusually
                  | fast. [Vine Stalker growth]
  1657 | D:3      | Reached XP level 4. HP: 9/21 MP: 5/9
  2361 | D:4      | Noticed a scorpion
  2372 | D:4      | Killed a scorpion
  2373 | D:4      | Reached XP level 5. HP: 19/24 MP: 8/11
  2672 | D:4      | Identified the +0 robe of Baldness {Rampage Str+3 Int+10
                  | Stlth-}
  2949 | D:4      | Found a sparkling altar of Nemelex Xobeh.
  2990 | D:4      | Noticed an ice beast
  3006 | D:4      | Killed an ice beast
  3007 | D:4      | Reached XP level 6. HP: 11/28 MP: 5/12
  3452 | D:5      | Entered Level 5 of the Dungeon
  3452 | D:5      | Found a runed translucent gate.
  3452 | D:5      | Found a runed translucent gate.
  3452 | D:5      | Found a runed translucent gate.
  3461 | D:5      | Reached skill level 5 in Conjurations
  3466 | D:5      | Noticed safid's ghost (amateur MiHu)
  3510 | D:5      | Identified the +0 ring mail of Usysig {Harm Dex+4}
  3624 | D:5      | Identified a scroll of acquirement
  3624 | D:5      | Acquired the +3 helmet of Apathy {+Blink Int+4 Dex+2}
  3677 | D:5      | Reached skill level 5 in Stealth
  3677 | D:5      | Reached XP level 7. HP: 32/32 MP: 14/14
  3989 | D:5      | Noticed a troll
  4000 | D:5      | Killed a troll
  4051 | D:5      | Reached skill level 10 in Conjurations
  4051 | D:5      | Gained mutation: You have razor-sharp teeth. [Vine Stalker
                  | growth]
  4051 | D:5      | Reached XP level 8. HP: 36/36 MP: 14/20
  4315 | D:5      | Reached XP level 9. HP: 35/39 MP: 16/21
  4364 | D:5      | Learned a level 3 spell: Dazzling Flash
  4765 | D:5      | Acquired a staff of conjuration
  4793 | D:5      | Killed safid's ghost
  5020 | D:6      | Noticed Sigmund
  5036 | D:6      | Killed Sigmund
  5547 | D:7      | Found Bylig's Jewellery Shoppe.
  5719 | D:7      | Found a staircase to the Ecumenical Temple.
  5760 | D:7      | Found Ituadiawk's Antique Armour Boutique.
  5811 | D:7      | Found a glowing golden altar of the Shining One.
  5841 | D:7      | Found an ancient bone altar of Kikubaaqudgha.
  5885 | D:7      | Reached skill level 11 in Conjurations
  5893 | D:7      | Reached XP level 10. HP: 44/44 MP: 8/23
  6163 | D:7      | Found Xic Nept's Assorted Antiques.
  6183 | D:7      | Found a sacrificial altar of Ru.
  6189 | D:7      | Found Gisu's Distillery.
  6503 | Temple   | Entered the Ecumenical Temple
  6515 | Temple   | Became a worshipper of Warmaster Okawaru
  6576 | D:8      | Found a broken altar of Ashenzari.
  6973 | D:8      | Found a bloodstained altar of Trog.
  7268 | D:8      | Found a stormy altar of Qazlal.
  7474 | D:8      | Found a burning altar of Makhleb.
  7685 | D:9      | Found a blossoming altar of Fedhas.
  8697 | D:10     | Entered Level 10 of the Dungeon
  8805 | D:10     | Found a staircase to the Orcish Mines.
  8961 | D:10     | Reached * piety under Okawaru
  9316 | D:10     | Learned a level 4 spell: Fulminant Prism
  9466 | D:10     | Reached ** piety under Okawaru
  9467 | D:10     | Reached XP level 11. HP: 47/47 MP: 25/25
  9544 | D:10     | Noticed a two-headed ogre
  9547 | D:10     | Noticed a death yak
  9549 | D:10     | Noticed a death yak
  9549 | D:10     | Noticed a death yak
  9709 | D:10     | Found a staircase to the Lair.
 10299 | D:10     | Killed a two-headed ogre
 10299 | D:10     | Reached *** piety under Okawaru
 10391 | D:11     | Reached skill level 1 in Short Blades
 10454 | D:11     | Noticed a five-headed hydra
 10471 | D:11     | HP: 2/70 [five-headed hydra (4)]
 10471 | D:11     | Slain by a five-headed hydra

Illustrated notes

Levels and vault maps discovered:
D:1:      psy_arrival_dodecagon, layout_basic
D:2:      layout_rooms, hellmonk_ecumenical_altar_watching_god, minivault_14
D:3:      layout_loops_ring, uniq_jessica
D:4:      layout_layer_cave, mainiacjoe_overflow_brackets
D:5:      layout_loops_corners, gammafunk_ghost_necromancy
D:6:      layout_loops_ring, uniq_sigmund
D:7:      nicolae_cairo_tiling_very_big, layout_cave_pools,
          kennysheep_mini_moat, mainiacjoe_overflow_swirl,
          minmay_temple_entry_poolview, serial_shops, nicolae_stop_n_shop_2,
          shop_fountains, nicolae_diamond_shop, nicolae_shop_overgrown_old_shop
D:8:      layout_layer_cave, nicolae_overflow_hidden_temple,
          mainiacjoe_overflow_cross_hatched
D:9:      layout_loops_corners, amcnicky_altar_gilded, lemuel_flamethrower_2
D:10:     layout_cave_pods, dpeg_lair_monsters, zombieorc2_lemuel, serial_bayou,
          serial_bayou_ford_a, serial_bayou_crossing, serial_bayou_pond_d,
          serial_bayou_shore_b
D:11:     layout_roguey, portal_ice_cave_entry_imps, corexii_hall_statues_u,
          kennysheep_opposing_triangles, uniq_sonja
Temple:   hc_temple_tempest_star

Skill      XL: |  1  2  3  4  5  6  7  8  9 10 11 |
---------------+----------------------------------+-----
Dodging        | 2 3 6 7 |  7.9
Stealth        | 3 4 5 6 7 8 9 |  9.2
Spellcasting   | 3 4 7 8 9 |  9.6
Conjurations   | 5 10 11 | 11.7
Short Blades   | 1 |  1.0

Action                   |  1- 3 |  4- 6 |  7- 9 | 10-12 || total
-------------------------+-------+-------+-------+-------++-------
Melee: Mace              |     5 |     6 |       |       ||    11
       Bite              |     2 |    20 |    81 |   219 ||   322
       Short sword       |       |    59 |   241 |   547 ||   847
Throw: Javelin           |     1 |       |       |       ||     1
 Cast: Magic Dart        |    49 |    81 |   131 |   218 ||   479
       Fulminant Prism   |       |       |       |     5 ||     5
Invok: Heroism           |       |       |       |     1 ||     1
  Use: Scroll            |       |    12 |     8 |     8 ||    28
       Potion            |       |       |     4 |     1 ||     5
 Stab: Sleeping          |       |       |     1 |       ||     1
       Distracted        |       |       |       |     1 ||     1
Armor: Leather armour    |     3 |       |       |       ||     3
       Robe              |       |    11 |       |       ||    11
       Ring mail         |       |     1 |     9 |       ||    10
       Troll leather arm |       |       |    73 |   197 ||   270
       Skin              |       |       |       |    21 ||    21
Dodge: Dodged            |     7 |    30 |   190 |   421 ||   648
Block: Buckler           |       |    15 |   108 |   217 ||   340
